 Dungeon Crawl Stone Soup version 0.26.0-11-g8f856b5395 (webtiles) character file.

Game seed: 1767205586467327957

18214 pkoi the Severer (level 12, -34/103 HPs)
             Began as a Minotaur Gladiator on Jan 14, 2021.
             Was a High Priest of Trog.
             Annihilated by an enormous slime creature (58 damage)
             ... on level 15 of the Dungeon.
             The game lasted 00:14:40 (11947 turns).

pkoi the Severer (Minotaur Gladiator)              Turns: 11947, Time: 00:14:41

Health: -34/103    AC: 20    Str: 24    XL:     12   Next: 25%
Magic:  11/11      EV: 11    Int:  5    God:    Trog [*****.]
Gold:   400        SH:  5    Dex: 12    Spells: 11/11 levels left

rFire    . . .     SeeInvis .   x - +3 executioner's axe
rCold    . . .     Faith    .   (shield currently unavailable)
rNeg     . . .     Spirit   .   m - +0 plate armour
rPois    +         Reflect  +   c - +1 hat
rElec    .         Harm     .   (no cloak)
rCorr    .         Rampage  .   (no gloves)
Will     .....                  K - +0 pair of boots
Stlth    ..........             u - amulet of reflection
HPRegen  0.27/turn              l - ring of poison resistance
MPRegen  0.12/turn              n - +4 ring of protection

@: studying Axes
A: retaliatory headbutt, horns 2
a: Renounce Religion, Berserk, Trog's Hand, Brothers in Arms


You were on level 15 of the Dungeon.
You worshipped Trog.
Trog was extremely pleased with you.
You visited 2 branches of the dungeon, and saw 14 of its levels.

You collected 694 gold pieces.
You spent 294 gold pieces at shops.

Inventory:

Hand Weapons
 a - a +0 war axe
 k - a +5 hand axe
 x - a +3 executioner's axe (weapon)
 y - the +7 whip of Defiance {vamp, Dex+3}
   (You found it on level 5 of the Dungeon)

   It inflicts no extra harm, but heals its wielder when it wounds a living foe.
   It affects your dexterity (+3).
 L - a +0 battleaxe
Missiles
 d - 2 throwing nets
 g - 24 boomerangs
 p - 2 curare-tipped darts
 t - 57 poisoned darts
 G - 11 javelins (quivered)
Armour
 c - a +1 hat (worn)
 m - a +0 plate armour (worn)
 K - a +0 pair of boots (worn)
Jewellery
 l - a ring of poison resistance (left hand)
 n - a +4 ring of protection (right hand)
 u - an amulet of reflection (around neck)
Wands
 o - a wand of acid (4)
 C - a wand of digging (6)
 D - a wand of polymorph (6)
 E - a wand of iceblast (19)
 H - a wand of disintegration (14)
 J - a wand of flame (45)
Scrolls
 b - 3 scrolls of magic mapping
 e - a scroll of fog
 f - 15 scrolls of identify
 h - 3 scrolls of enchant armour
 j - 5 scrolls of remove curse
 q - a scroll of torment
 s - a scroll of random uselessness
 v - a scroll of amnesia
 B - a scroll of blinking
 F - 2 scrolls of enchant weapon
 I - 2 scrolls of teleportation
 M - a scroll of fear
Potions
 i - 7 potions of curing
 r - a potion of resistance
 w - 2 potions of flight
 z - 2 potions of haste
Books
 A - a manual of Axes


   Skills:
 - Level 8.9 Fighting
 + Level 19.5 Axes
 - Level 7.1 Throwing
 - Level 8.5 Armour
 - Level 8.6 Dodging


You had 11 spell levels left.
You didn't know any spells.
Your spell library was empty.

Dungeon Overview and Level Annotations

Branches:
Dungeon (12/15)            Temple (1/1) D:7            Lair (0/6) D:11
    Orc (0/2) D:11

Altars:
Ashenzari
Cheibriados
Dithmenos
Elyvilon
Fedhas
Gozag
Hepliaklqana
Kikubaaqudgha
Makhleb
Nemelex Xobeh
Okawaru
Qazlal
Ru
Sif Muna
Trog
Uskayaw
Vehumet
Wu Jian
Xom
Yredelemnul
Zin
The Shining One
Beogh

Shops:
D:8 [[}   D:9 !

Portals:
Trove: D:10 (show abyssal rune of Zot)


Innate Abilities, Weirdness & Mutations

You reflexively headbutt those who attack you in melee.
You have a pair of horns on your head.


Message History

The large slime creature is heavily wounded.
A slime creature comes into view.
You slice the large slime creature!!
The large slime creature is severely wounded.
Two slime creatures merge to form a very large slime creature.
Two slime creatures merge to form an enormous slime creature.
You slash the enormous slime creature!
You headbutt the enormous slime creature!
The enormous slime creature is moderately wounded.
The enormous slime creature hits you!!!!
Ouch! That really hurt!
* * * LOW HITPOINT WARNING * * *
You hear a shout!
You are too injured to fight recklessly!
You are too injured to fight recklessly!
You barely miss the enormous slime creature.
The enormous slime creature is moderately wounded.
The enormous slime creature hits you!!!
Ouch! That really hurt!
You die...

######......##
#.##...#
#+##.#.# ##
#.#.# #.)
#.#.# #...
#.#.# #....
#.#.#
#...?.##.#.#
#.....J@...#
#....####..#
### ..## ...#
#...# ....#
#..... #...<.


You could see an enormous slime creature.

Vanquished Creatures
  A boulder beetle (D:11)
  A centaur warrior (D:11)
  2 two-headed ogres
  A queen ant (D:8)
  An unseen horror (D:15)
  A wolf spider zombie (D:11)
  A cyclops (D:15)
  An ugly thing (D:11)
  Psyche (D:10)
  A kobold demonologist (D:10)
  A komodo dragon (D:15)
  A troll (D:11)
  A slime creature (D:15)
  Prince Ribbit (D:7)
  A shadow (D:10)
  A vampire (D:10)
  14 yaks
  Grum (D:8)
  A steam dragon (D:11)
  2 wargs (D:10)
  An acid dragon (D:15)
  2 water moccasins
  13 soldier ants
  8 orc warriors
  A black bear (D:8)
  2 ice beasts
  5 sky beasts
  A phantom (D:7)
  7 ogres
  A necrophage (D:9)
  2 wolves (D:8)
  10 centaurs
  6 bullfrogs
  A wyvern zombie (D:11)
  3 scorpions
  6 killer bees
  4 wights (D:10)
  A howler monkey (D:7)
  A centaur zombie (D:10)
  8 hounds
  15 orc priests
  A gnoll shaman (D:5)
  11 orc wizards
  6 jellies
  A bullfrog skeleton (D:5)
  3 centaur skeletons
  6 iguanas
  38 worker ants
  A hound skeleton (D:6)
  2 worker ant zombies
  8 gnolls
  A howler monkey skeleton (D:8)
  11 adders
  A shadow imp (D:8)
  15 white imps
  3 ufetubi
  An ooze (D:3)
  An adder skeleton (D:4)
  5 worms
  3 dart slugs
  3 leopard geckos
  60 orcs
  3 giant cockroaches
  3 goblins
  7 hobgoblins
  7 jackals
  4 quokkas
  A ball python (D:3)
  6 bats
  5 frilled lizards
  A jackal skeleton (D:4)
  A jackal zombie (D:5)
  4 kobolds
  A leopard gecko skeleton (D:5)
  2 quokka skeletons
  6 rats
365 creatures vanquished.

Vanquished Creatures (others)
  8 plants
  8 withered plants (D:15)
16 creatures vanquished.

Grand Total: 381 creatures vanquished

Notes
Turn   | Place    | Note
-------+----------+-------------------------------------------
     0 | D:1      | pkoi the Minotaur Gladiator began the quest for the Orb.
     0 | D:1      | Reached XP level 1. HP: 18/18 MP: 0/0
    24 | D:1      | Reached skill level 4 in Axes
    29 | D:1      | Reached XP level 2. HP: 20/25 MP: 1/1
   667 | D:1      | Reached skill level 5 in Axes
   766 | D:2      | Reached XP level 3. HP: 30/30 MP: 2/2
  1294 | D:3      | Found a faded altar of an unknown god.
  1334 | D:3      | Reached skill level 6 in Axes
  1334 | D:3      | Reached XP level 4. HP: 37/37 MP: 3/3
  1712 | D:4      | Reached skill level 7 in Axes
  1712 | D:4      | Reached XP level 5. HP: 42/42 MP: 4/4
  1830 | D:4      | Noticed an ogre
  1837 | D:4      | Killed an ogre
  1838 | D:4      | Reached skill level 8 in Axes
  1905 | D:4      | Noticed an ogre
  1911 | D:4      | Killed an ogre
  1912 | D:4      | Reached XP level 6. HP: 50/50 MP: 5/5
  2020 | D:4      | Found a snail-covered altar of Cheibriados.
  2023 | D:4      | Found a bloodstained altar of Trog.
  2028 | D:4      | Reached skill level 9 in Axes
  2030 | D:4      | Found a hide-covered altar of Uskayaw.
  2389 | D:4      | Became a worshipper of Trog the Wrathful
  2409 | D:5      | Entered Level 5 of the Dungeon
  2449 | D:5      | Reached XP level 7. HP: 43/56 MP: 6/6
  2541 | D:5      | Reached skill level 10 in Axes
  2710 | D:5      | Found a shimmering blue altar of Sif Muna.
  2788 | D:5      | Reached * piety under Trog
  2808 | D:5      | Found a glowing golden altar of the Shining One.
  2877 | D:5      | Noticed a two-headed ogre
  2881 | D:5      | Reached skill level 11 in Axes
  2894 | D:5      | Killed a two-headed ogre
  2895 | D:5      | Reached skill level 12 in Axes
  2895 | D:5      | Reached XP level 8. HP: 26/62 MP: 7/7
  3214 | D:5      | Got a faintly glowing whip
  3215 | D:5      | Identified the +7 whip of Defiance {vamp, Dex+3} (You found
                  | it on level 5 of the Dungeon)
  3225 | D:5      | Reached skill level 13 in Axes
  3445 | D:5      | Reached skill level 1 in Armour
  3800 | D:6      | Reached XP level 9. HP: 56/70 MP: 8/8
  4179 | D:7      | Found a staircase to the Ecumenical Temple.
  4193 | Temple   | Entered the Ecumenical Temple
  4272 | D:7      | Found a hazy altar of Hepliaklqana.
  4456 | D:7      | Reached ** piety under Trog
  5074 | D:8      | Noticed Grum
  5077 | D:8      | Reached skill level 14 in Axes
  5081 | D:8      | Reached skill level 5 in Dodging
  5116 | D:8      | Killed Grum
  5129 | D:8      | Reached skill level 5 in Fighting
  5287 | D:8      | Noticed Prince Ribbit
  5329 | D:7      | Killed Prince Ribbit
  5329 | D:7      | Reached *** piety under Trog
  5341 | D:8      | Reached XP level 10. HP: 83/83 MP: 9/9
  5375 | D:7      | Reached skill level 5 in Armour
  5765 | D:8      | Reached skill level 15 in Axes
  5915 | D:8      | Noticed a queen ant
  5933 | D:8      | Killed a queen ant
  5934 | D:8      | Reached skill level 5 in Throwing
  5943 | D:8      | Found Voezyor's Gadget Boutique.
  6108 | D:8      | Found Vapt's Armour Shoppe.
  6119 | D:8      | Found Juadez's Antique Armour Shoppe.
  6139 | D:8      | Reached **** piety under Trog
  6488 | D:9      | Found Fihig's Distillery.
  6656 | D:9      | Bought a potion of mutation for 112 gold pieces
  6656 | D:9      | Bought a potion of attraction for 42 gold pieces
  6656 | D:9      | Bought a potion of haste for 140 gold pieces
  6897 | D:9      | Reached XP level 11. HP: 92/92 MP: 10/10
  7218 | D:9      | Found a stormy altar of Qazlal.
  7554 | D:10     | Entered Level 10 of the Dungeon
  7663 | D:10     | Reached skill level 16 in Axes
  7927 | D:10     | Found a portal to a secret trove of treasure.
  7944 | D:10     | Reached ***** piety under Trog
  8196 | D:11     | Noticed Psyche
  8211 | D:10     | Killed Psyche
  8230 | D:11     | Noticed a sixfirhy
  8742 | D:11     | Noticed a centaur warrior
  8758 | D:11     | Killed a centaur warrior
  9082 | D:11     | Received a gift from Trog
  9273 | D:11     | Noticed a white ugly thing
  9287 | D:11     | Killed a white ugly thing
  9288 | D:11     | Reached skill level 17 in Axes
  9615 | D:11     | Found a staircase to the Lair.
  9949 | D:11     | Found a roughly hewn altar of Beogh.
  9949 | D:11     | Found a staircase to the Orcish Mines.
 10575 | D:12     | Noticed a boulder beetle
 10781 | D:12     | Noticed a boulder beetle
 10817 | D:11     | Killed a boulder beetle
 10818 | D:11     | Reached skill level 18 in Axes
 10818 | D:11     | Reached XP level 12. HP: 14/103 MP: 11/11
 11201 | D:12     | Found a blossoming altar of Fedhas.
 11380 | D:12     | You fall into a shaft and drop 3 floors!
 11380 | D:15     | Entered Level 15 of the Dungeon
 11403 | D:15     | Noticed a two-headed ogre
 11412 | D:15     | Killed a two-headed ogre
 11625 | D:15     | Reached skill level 19 in Axes
 11947 | D:15     | Annihilated by an enormous slime creature

Illustrated notes

Levels and vault maps discovered:
D:1:      minmay_arrival_stair_chambers, layout_rooms
D:2:      layout_rooms
D:3:      layout_loops_ring, chequers_ecumenical_altar_twisty,
          guppyfry_early_lair_pool
D:4:      layout_rooms, grunt_temple_overflow_diamond
D:5:      layout_gridville, nicolae_tso_swordbearing_angel,
          lemuel_crystal_altar, minmay_manual_macuahuitl
D:6:      layout_gridville
D:7:      layout_cave_pods, lemuel_crystal_altar, minmay_temple_entry_slanted
D:8:      layout_rooms, serial_shops, nicolae_shop_behind_doors,
          nicolae_shop_temple_entry_statues_fountains, shop,
          serial_bayou_pond_a, zaba_anthell, uniq_prince_ribbit1, uniq_grum
D:9:      layout_cave_pools, grunt_qazlal_clouds, serial_shops, shop,
          unseen_surprise_small
D:10:     layout_rooms, nicolae_trove_entry_free_sample
D:11:     layout_rooms, erik_lair_orcish_takeover, david_orc_5, uniq_psyche
D:12:     cheibrodos_breeding_chamber, layout_irregular_city,
          portal_ice_cave_entry_imps, fedhas_bush_and_centaur_altar
D:15:     gammafunk_depths_entry_grave, layout_basic, elyvilon_altar_3,
          uniq_louise
Temple:   eino_wide_crystal_templ

Skill      XL: |  1  2  3  4  5  6  7  8  9 10 11 12 |
---------------+-------------------------------------+-----
Axes           | 4 5 6 7 8 9 12 13 14 15 18 19 | 19.5
Armour         | 2 4 6 8 |  8.5
Fighting       | 3 5 7 8 |  8.9
Dodging        | 4 5 7 8 |  8.6
Throwing       | 4 5 7 |  7.1

Action                   |  1- 3 |  4- 6 |  7- 9 | 10-12 || total
-------------------------+-------+-------+-------+-------++-------
Melee: War axe           |    24 |       |       |       ||    24
       Headbutt          |    10 |    14 |    69 |   127 ||   220
       Hand axe          |    44 |    73 |    52 |    26 ||   195
       Whip              |       |       |   217 |   107 ||   324
       Battleaxe         |       |       |       |   299 ||   299
       Executioner's axe |       |       |       |   154 ||   154
Throw: Boomerang         |       |       |       |     5 ||     5
       Javelin           |       |       |       |     2 ||     2
       Throwing net      |       |       |       |     1 ||     1
Invok: Berserk           |       |       |     1 |     2 ||     3
       Trog's Hand       |       |       |       |     1 ||     1
  Use: Scroll            |     5 |       |       |     8 ||    13
       Potion            |       |       |       |     7 ||     7
 Stab: Invisible         |       |       |       |     1 ||     1
Armor: Leather armour    |     4 |       |       |       ||     4
       Plate armour      |    16 |    33 |   112 |   340 ||   501
Dodge: Dodged            |    33 |     8 |    75 |   260 ||   376
Block: Other             |       |     5 |    43 |   110 ||   158
       Reflection        |       |       |     4 |     4 ||     8
